 Dungeon Crawl Stone Soup version 0.21-a0-151-ga4fe563 (webtiles) character file.

1178 tilp the Firebug (level 8, -1/56 (57) HPs)
             Began as a Hill Orc Fire Elementalist on July 30, 2017.
             Was a Follower of Okawaru.
             Killed from afar by an orc wizard (10 damage)
             ... with a magic dart
             ... on level 6 of the Dungeon.
             The game lasted 00:27:29 (7166 turns).

tilp the Firebug (Hill Orc Fire Elementalist)       Turns: 7166, Time: 00:27:30

HP:   -1/56 (57)    AC:  7    Str: 16    XL:     8   Next: 42%
MP:   13/14         EV: 11    Int: 17    God:    Okawaru [*.....]
Gold: 177           SH:  0    Dex: 11    Spells: 1/15 levels left

rFire    + . .     SeeInvis .   e - +1 dagger (venom)
rCold    . . .     Gourm    .   (no shield)
rNeg     . . .     Faith    .   E - +2 leather armour {rF+}
rPois    .         Spirit   .   (no helmet)
rElec    .         Reflect  .   (no cloak)
rCorr    .         Harm     .   f - +0 pair of gloves
MR       .....                  d - +0 pair of boots
Stlth    ++........             (no amulet)
HPRegen  0.18/turn              a - +5 ring of strength
MPRegen  0.14/turn              H - ring of stealth

@: no status effects
A: no striking features
a: Heroism, Renounce Religion, Convert to Beogh


You were on level 6 of the Dungeon.
You worshipped Okawaru.
Okawaru was aware of your devotion.
You were not hungry.

You visited 1 branch of the dungeon, and saw 6 of its levels.

You collected 372 gold pieces.
You spent 195 gold pieces at shops.

Inventory:

Hand Weapons
 e - a +1 dagger of venom (weapon)
 G - a cursed -3 short sword
Armour
 d - a +0 pair of boots (worn)
 f - a +0 pair of gloves (worn)
 E - a +2 leather armour of fire resistance (worn)
Jewellery
 a - a +5 ring of strength (left hand)
 z - an uncursed ring of positive energy
 H - a ring of stealth (right hand)
Scrolls
 g - a scroll of immolation {unknown}
 h - 2 scrolls of enchant armour {unknown}
 i - 4 scrolls of teleportation
 k - a scroll of noise {unknown}
 n - 7 scrolls of remove curse
 p - 2 scrolls of enchant weapon {unknown}
 r - 2 scrolls of amnesia {unknown}
 w - a scroll of recharging {unknown}
 x - a scroll of random uselessness {unknown}
 y - a scroll of magic mapping {unknown}
 B - a scroll of fear
Potions
 j - 3 potions of flight {unknown}
 l - 2 potions of resistance
 m - a potion of mutation {unknown}
 o - a potion of curing
 s - 4 potions of heal wounds
 t - 2 potions of agility
 u - 3 potions of brilliance
 A - a potion of degeneration {unknown}
 C - a potion of might
 D - a potion of lignification {unknown}
 F - 2 potions of haste {unknown}
Books
 b - a book of Flames

   Spells                             Type                      Level
   a - Flame Tongue                   Conjuration/Fire             1
   b - Throw Flame                    Conjuration/Fire             2
   c - Conjure Flame                  Conjuration/Fire             3
   d - Inner Flame                    Hexes/Fire                   3
   e - Sticky Flame                   Conjuration/Fire             4
   f - Fireball                       Conjuration/Fire             5
 v - a book of Cantrips

   Spells                             Type                      Level
   a - Confusing Touch                Hexes                        1
   b - Animate Skeleton               Necromancy                   1
   c - Summon Small Mammal            Summoning                    1
   d - Apportation                    Translocation                1
Comestibles
 c - 4 bread rations
 q - a meat ration
 I - 3 chunks of flesh


   Skills:
 - Level 1.5 Dodging
 - Level 1.5 Stealth
 + Level 4.0 Spellcasting
 * Level 6.2 Conjurations
 * Level 7.0 Fire Magic


You had one spell level left.
You knew the following spells:

 Your Spells              Type           Power        Failure   Level  Hunger
a - Flame Tongue          Conj/Fire      ####.        1%          1    None
b - Throw Flame           Conj/Fire      ####..       1%          2    ##.....
c - Conjure Flame         Conj/Fire      ####....     3%          3    ###....
d - Animate Skeleton      Necr           N/A          19%         1    None
e - Apportation           Tloc           #.....       19%         1    None
f - Summon Small Mammal   Summ           #...         19%         1    None
g - Fireball              Conj/Fire      ####......   34%         5    ######.


Dungeon Overview and Level Annotations

Branches:
Dungeon (6/15)
 Temple: D:4-7

Altars:
Ashenzari
Gozag
Hepliaklqana
Kikubaaqudgha
Okawaru
Qazlal
Vehumet

Shops:
D:4 *   D:5 *

Annotations:
D:3 Dowan, Sigmund


Message History

Confirm with . or Enter, or press ? or * to list all spells.
Aiming: Flame Tongue
Press: ? - help, Shift-Dir - straight line, f - orc priest
Aim: an orc priest, wielding a short sword and wearing a leather armour The flame tongue hits the orc priest.
The orc priest is lightly wounded.
Something hits you but does no damage.
The orc priest hits you but does no damage.
Something hits you but does no damage. Something hits you.
You hear some strange, mumbled words.
A puff of flame appears from out of thin air!
The puff of flame hits you! You resist.
The orc priest invokes the aid of Beogh against you.
Pain shoots through your body!
* * * LOW HITPOINT WARNING * * *
The orc priest shouts, "Join the one true god or die!"
A magic dart appears from out of thin air!
The magic dart hits you!
You die...

.##.#####......#
#...........#..#
#####......## ##
########## ###....#
#≈≈≈≈≈≈≈≈#
####.#######........##
##.#...............
#...####........##
#...# #≈≈≈≈≈≈≈≈#
#@..## ##########
#....# #...## ##.o#
#{o# ##n# #........
#........ ......#(.


You could see a necrophage, an orc priest and an orc.

Vanquished Creatures
  Grinder (D:5)
  Eustachio (D:5)
  Duvessa (D:4)
  A phantom (D:4)
  An ogre (D:5)
  A howler monkey (D:6)
  5 orc priests
  A hound (D:5)
  A centaur skeleton (D:5)
  Jessica (D:3)
  An orc wizard (D:4)
  3 worker ants
  3 gnolls (D:3)
  4 adders
  A shadow imp (D:6)
  3 worms
  3 dart slugs
  3 leopard geckos
  24 orcs
  5 giant cockroaches
  12 goblins
  10 hobgoblins
  4 jackals (D:3)
  5 kobolds
  3 quokkas
  A ball python (D:3)
  6 bats
  8 frilled lizards
  A giant cockroach zombie (D:5)
  5 rats
119 creatures vanquished.

Vanquished Creatures (collateral kills)
  An orc (D:5)
1 creature vanquished.

Grand Total: 120 creatures vanquished

Notes
Turn   | Place    | Note
-------+----------+-------------------------------------------
     0 | D:1      | tilp the Hill Orc Fire Elementalist began the quest for the Orb.
     0 | D:1      | Reached XP level 1. HP: 14/14 MP: 3/3
   203 | D:1      | Reached XP level 2. HP: 17/20 MP: 3/5
   872 | D:2      | Reached XP level 3. HP: 26/26 MP: 4/6
   891 | D:2      | Learned a level 2 spell: Throw Flame
   895 | D:2      | Learned a level 3 spell: Conjure Flame
  1778 | D:2      | Found a radiant altar of Vehumet.
  1994 | D:3      | Reached XP level 4. HP: 30/33 MP: 7/7
  2100 | D:3      | Found a hazy altar of Hepliaklqana.
  2229 | D:3      | Noticed Jessica
  2231 | D:3      | Killed Jessica
  2231 | D:3      | Reached XP level 5. HP: 17/38 MP: 5/8
  2409 | D:3      | Noticed Sigmund
  2555 | D:3      | Found a shattered altar of Ashenzari.
  2691 | D:3      | Learned a level 1 spell: Animate Skeleton
  2693 | D:3      | Learned a level 1 spell: Apportation
  2695 | D:3      | Learned a level 1 spell: Summon Small Mammal
  3371 | D:4      | Noticed Duvessa
  3372 | D:4      | Noticed Dowan
  4131 | D:4      | Found Tiutawny's General Store.
  4139 | D:4      | Bought a scroll of identify for 20 gold pieces
  4139 | D:4      | Bought a scroll of fear for 35 gold pieces
  4139 | D:4      | Bought a potion of might for 40 gold pieces
  4139 | D:4      | Bought a scroll of remove curse for 30 gold pieces
  4139 | D:4      | Bought a potion of curing for 30 gold pieces
  4139 | D:4      | Bought a potion of brilliance for 40 gold pieces
  4216 | D:4      | Killed Duvessa
  4216 | D:4      | Reached skill level 4 in Fire Magic
  4216 | D:4      | Reached XP level 6. HP: 23/45 MP: 4/10
  4572 | D:4      | HP: 1/45 [orc (3)]
  4816 | D:4      | Noticed a phantom
  4853 | D:4      | Killed a phantom
  4853 | D:4      | Reached skill level 5 in Conjurations
  4853 | D:4      | Reached XP level 7. HP: 27/50 MP: 7/11
  4890 | D:4      | Found a stormy altar of Qazlal.
  4995 | D:4      | Reached skill level 5 in Fire Magic
  5265 | D:4      | Found an iron altar of Okawaru.
  5270 | D:4      | Became a worshipper of Warmaster Okawaru
  5421 | D:5      | Entered Level 5 of the Dungeon
  5969 | D:5      | Found an opulent altar of Gozag.
  6084 | D:5      | Noticed Eustachio
  6208 | D:5      | Killed Eustachio
  6208 | D:5      | Reached skill level 6 in Fire Magic
  6208 | D:5      | Reached XP level 8. HP: 57/57 MP: 5/13
  6274 | D:5      | Found Xydiapn's General Store.
  6635 | D:5      | Learned a level 5 spell: Fireball
  6695 | D:5      | Noticed Grinder
  6718 | D:5      | Paralysed by Grinder for 3 turns
  6725 | D:5      | Paralysed by Grinder for 3 turns
  6733 | D:5      | Killed Grinder
  6733 | D:5      | Reached * piety under Okawaru
  7123 | D:6      | Found an ancient bone altar of Kikubaaqudgha.
  7153 | D:6      | Reached skill level 7 in Fire Magic
  7166 | D:6      | Killed from afar by an orc wizard

Vault maps used:
D:1:      lightli_arrival_windingriver, serial_bayou_lagoon_b
D:2:      cheibrodos_greedy_goblins, fiery_altar_vehumet
D:3:      old_standard_altar, ashenzari_altar_1, uniq_jessica, uniq_sigmund
D:4:      lemuel_doored_altar, old_standard_altar, serial_shops, shop,
          first_bread, uniq_duvessa
D:5:      serial_shops, nicolae_shop_statue_plus, grunt_gozag_breadcrumbs,
          uniq_eustachio, uniq_grinder
D:6:      cheibrodos_two_vegetables, lemuel_zombie_altar_kikubaaqudgha,
          temple_hall, minivault_26, uniq_prince_ribbit1, uniq_edmund

Skill      XL: |  1  2  3  4  5  6  7  8 |
---------------+-------------------------+-----
Spellcasting   | 2 3 4 |  4.0
Conjurations   | 2 4 5 6 |  6.2
Fire Magic     | 4 6 7 |  7.0
Dodging        | |  1.5
Stealth        | |  1.5

Action                   |  1- 3 |  4- 6 |  7- 9 || total
-------------------------+-------+-------+-------++-------
Melee: Dagger            |   104 |   156 |   116 ||   376
 Cast: Flame Tongue      |     9 |    27 |    47 ||    83
       Animate Skeleton  |       |    10 |     7 ||    17
       Throw Flame       |       |     3 |     1 ||     4
       Conjure Flame     |       |     1 |     6 ||     7
  Use: Scroll            |       |     6 |       ||     6
       Potion            |       |     1 |     2 ||     3
 Stab: Sleeping          |     1 |       |     1 ||     2
  Eat: Chunk             |     4 |     9 |     6 ||    19
       Meat ration       |       |       |     1 ||     1
Armor: Robe              |     1 |    13 |       ||    14
       Leather armour    |    27 |    25 |    38 ||    90
Dodge: Dodged            |    58 |    70 |    49 ||   177
